 Dungeon Sprint DCSS version 0.21.1-1-g345015f (webtiles) character file.

3003 wilfster70 the Covert (level 9, -8/74 HPs)
             Began as a Gnoll Enchanter on Feb 23, 2018.
             Was an Elder of Okawaru.
             Splashed by an oklob plant's acid (11 damage)
             ... in the Dungeon (Sprint I: "Red Sonja").
             The game lasted 00:04:19 (621 turns).

wilfster70 the Covert (Gnoll Enchanter)              Turns: 621, Time: 00:04:19

Health: -8/74      AC: 12    Str: 11    XL:     9   Next: 84%
Magic:  22/22      EV: 16    Int: 21    God:    Okawaru [****..]
Gold:   289        SH:  0    Dex: 15    Spells: 21/27 levels left

rFire    . . .     SeeInvis .   a - +1 dagger (vamp)
rCold    + . .     Gourm    .   (no shield)
rNeg     . . .     Faith    .   d - +4 ring mail {rC+}
rPois    .         Spirit   .   (no helmet)
rElec    .         Reflect  .   (no cloak)
rCorr    .         Harm     .   (no gloves)
MR       .....     NoTele   +   b - +0 pair of boots
Stlth    ++++......             (no amulet)
HPRegen  0.22/turn              (no ring)
MPRegen  0.18/turn              (no ring)

@: no status effects
A: distributed training, fangs 1, strong nose
a: Heroism, Renounce Religion


You were in the Dungeon.
You worshipped Okawaru.
Okawaru was greatly pleased with you.
You were not hungry.

You visited 1 branch You collected 644 gold pieces.
You spent 355 gold pieces at shops.

Inventory:

Hand Weapons
 a - a +1 vampiric dagger (weapon)
Armour
 b - a +0 pair of boots (worn)
 d - a +4 ring mail of cold resistance (worn)
 i - a +0 leather armour
Scrolls
 j - a scroll of blinking
 k - a scroll of magic mapping {unknown}
 l - 2 scrolls of immolation {unknown}
 m - a scroll of enchant armour {unknown}
Potions
 e - 3 potions of curing
 f - a potion of heal wounds
 g - a potion of haste
 h - 2 potions of magic
Books
 c - a book of Maledictions

   Spells                             Type                      Level
   a - Corona                         Hexes                        1
   b - Ensorcelled Hibernation        Hexes/Ice                    2
   c - Confuse                        Hexes                        3
   d - Tukima's Dance                 Hexes                        3
   e - Dazzling Spray                 Conjuration/Hexes            3


   Skills:
 + Level 8.0 Fighting
 + Level 8.5 Short Blades
 + Level 8.0 Long Blades
 + Level 8.0 Axes
 + Level 8.0 Maces & Flails
 + Level 8.0 Polearms
 + Level 8.0 Staves
 + Level 8.0 Slings
 + Level 8.0 Bows
 + Level 8.0 Crossbows
 + Level 8.0 Throwing
 + Level 8.0 Armour
 + Level 9.3 Dodging
 + Level 10.0 Stealth
 + Level 8.0 Shields
 + Level 8.0 Unarmed Combat
 + Level 9.5 Spellcasting
 + Level 6.6 Conjurations
 + Level 8.7 Hexes
 + Level 6.6 Charms
 + Level 6.6 Summonings
 + Level 6.6 Necromancy
 + Level 6.6 Translocations
 + Level 6.6 Transmutations
 + Level 6.6 Fire Magic
 + Level 6.6 Ice Magic
 + Level 6.6 Air Magic
 + Level 6.6 Earth Magic
 + Level 6.6 Poison Magic
 + Level 8.8 Invocations
 + Level 8.0 Evocations


You had 21 spell levels left.
You knew the following spells:

 Your Spells              Type           Power        Failure   Level  Hunger
a - Corona                Hex            #####..      1%          1    None
b - Ensorcelled Hibernat  Hex/Ice        #####.       1%          2    None
c - Confuse               Hex            #####...     1%          3    None


Dungeon Overview and Level Annotations

Branches:
Dungeon (1/1)

Altars:
Cheibriados
Dithmenos
Elyvilon
Fedhas
Gozag
Hepliaklqana
Kikubaaqudgha
Nemelex Xobeh
Okawaru
Qazlal
Ru
Sif Muna
Trog
Uskayaw
Vehumet
Wu Jian
Yredelemnul
Zin
The Shining One

Shops:
D ::[

Annotations:
D exclusion: oklob plant


Innate Abilities, Weirdness & Mutations

Your experience applies equally to all skills.
You have very sharp teeth.
Your uncanny sense of smell can sniff out nearby items.


Message History

You bite the oklob plant, but do no damage.
The oklob plant is moderately damaged.
You hit the oklob plant but do no damage.
The oklob plant is moderately damaged.
You hit the oklob plant.
The oklob plant is moderately damaged.
You hit the oklob plant.
The oklob plant is moderately damaged.
The oklob plant spits acid at you. The splash of acid misses you.
You hit the oklob plant but do no damage.
The oklob plant is moderately damaged.
You hit the oklob plant.
The oklob plant is moderately damaged.
You are no longer corroded.
The oklob plant spits acid at you. The splash of acid hits you!
* * * LOW HITPOINT WARNING * * *
You are splashed with acid!
The acid burns!
You die...

######### ..#..'..#
∆∆ ∆∆ ∆ .)').#..+
∆∆ ∆ #'#####'# ####
∆
..#...#[####§§####
∆
###..##)#≈≈§§§#§.#
__##'#_.+≈≈§§§§§§#
...'..._#≈≈§§.#§.#
__##_.#'##§#####@#
__###'#.#§...###P+∆
#####.####'###.###∆
...'...'...[.'.∩#
####.).########## ∆
∆ ##.## ∆ ∆ ∆#+#∆ ∆
∆ ∆∆∆∆∆ ∆∆ ∆ ∆∆∆∆∆


You could see an oklob plant.

Vanquished Creatures
  2 centaur warriors (D)
  Sonja (D)
  A deep troll (D)
  A hornet (D)
  Sigmund (D)
  A yak (D)
  An ogre (D)
  A jelly (D)
  Ijyb (D)
10 creatures vanquished.

Vanquished Creatures (others)
  A gargoyle (D)
1 creature vanquished.

Grand Total: 11 creatures vanquished

Notes
Turn   | Place    | Note
-------+----------+-------------------------------------------
     0 | D        | wilfster70 the Gnoll Enchanter began the quest for the Orb.
     0 | D        | Reached XP level 1. HP: 13/13 MP: 6/6
     1 | D        | Noticed Ijyb
    12 | D        | Killed Ijyb
    12 | D        | Reached skill level 1 in Fighting
    12 | D        | Reached skill level 1 in Long Blades
    12 | D        | Reached skill level 1 in Axes
    12 | D        | Reached skill level 1 in Maces & Flails
    12 | D        | Reached skill level 1 in Polearms
    12 | D        | Reached skill level 1 in Staves
    12 | D        | Reached skill level 1 in Slings
    12 | D        | Reached skill level 1 in Bows
    12 | D        | Reached skill level 1 in Crossbows
    12 | D        | Reached skill level 1 in Throwing
    12 | D        | Reached skill level 1 in Armour
    12 | D        | Reached skill level 6 in Stealth
    12 | D        | Reached skill level 1 in Shields
    12 | D        | Reached skill level 1 in Unarmed Combat
    12 | D        | Reached skill level 5 in Spellcasting
    12 | D        | Reached skill level 1 in Conjurations
    12 | D        | Reached skill level 1 in Charms
    12 | D        | Reached skill level 1 in Summonings
    12 | D        | Reached skill level 1 in Necromancy
    12 | D        | Reached skill level 1 in Translocations
    12 | D        | Reached skill level 1 in Transmutations
    12 | D        | Reached skill level 1 in Fire Magic
    12 | D        | Reached skill level 1 in Ice Magic
    12 | D        | Reached skill level 1 in Air Magic
    12 | D        | Reached skill level 1 in Earth Magic
    12 | D        | Reached skill level 1 in Poison Magic
    12 | D        | Reached skill level 1 in Invocations
    12 | D        | Reached skill level 1 in Evocations
    12 | D        | Reached XP level 2. HP: 22/22 MP: 8/8
    12 | D        | Reached XP level 3. HP: 27/27 MP: 9/9
    63 | D        | Learned a level 2 spell: Ensorcelled Hibernation
    67 | D        | Learned a level 3 spell: Confuse
    68 | D        | Killed a gargoyle
    71 | D        | Noticed an ogre
    74 | D        | Killed an ogre
    74 | D        | Reached skill level 5 in Dodging
    74 | D        | Reached XP level 4. HP: 35/35 MP: 9/11
    83 | D        | Noticed Sigmund
    87 | D        | Killed Sigmund
    87 | D        | Reached skill level 7 in Stealth
    87 | D        | Reached XP level 5. HP: 42/42 MP: 7/14
    87 | D        | Reached XP level 6. HP: 48/48 MP: 7/15
   157 | D        | Found an ornate altar of the Wu Jian Council.
   157 | D        | Found a deep blue altar of Sif Muna.
   159 | D        | Found a radiant altar of Vehumet.
   163 | D        | Reached skill level 5 in Short Blades
   166 | D        | Found Hotya's Book Emporium.
   166 | D        | Found an ancient bone altar of Kikubaaqudgha.
   166 | D        | Found a hazy altar of Hepliaklqana.
   166 | D        | Found a stormy altar of Qazlal.
   166 | D        | Found a hide-covered altar of Uskayaw.
   166 | D        | Found a blossoming altar of Fedhas.
   166 | D        | Found a bloodstained altar of Trog.
   166 | D        | Found an iron altar of Okawaru.
   166 | D        | Found a basalt altar of Yredelemnul.
   166 | D        | Found a glowing golden altar of the Shining One.
   166 | D        | Found a snail-covered altar of Cheibriados.
   166 | D        | Found a sacrificial altar of Ru.
   166 | D        | Found a glowing silver altar of Zin.
   166 | D        | Found a shadowy altar of Dithmenos.
   166 | D        | Found a white marble altar of Elyvilon.
   166 | D        | Noticed a yak
   167 | D        | Found an opulent altar of Gozag.
   168 | D        | Killed a yak
   168 | D        | Reached skill level 5 in Invocations
   185 | D        | Found a sparkling altar of Nemelex Xobeh.
   194 | D        | Became a worshipper of Warmaster Okawaru
   209 | D        | Noticed Sonja
   213 | D        | Killed Sonja
   213 | D        | Reached * piety under Okawaru
   213 | D        | Reached skill level 8 in Stealth
   213 | D        | Reached skill level 5 in Conjurations
   213 | D        | Reached skill level 5 in Charms
   213 | D        | Reached skill level 5 in Summonings
   213 | D        | Reached skill level 5 in Necromancy
   213 | D        | Reached skill level 5 in Translocations
   213 | D        | Reached skill level 5 in Transmutations
   213 | D        | Reached skill level 5 in Fire Magic
   213 | D        | Reached skill level 5 in Ice Magic
   213 | D        | Reached skill level 5 in Air Magic
   213 | D        | Reached skill level 5 in Earth Magic
   213 | D        | Reached skill level 5 in Poison Magic
   213 | D        | Reached XP level 7. HP: 58/58 MP: 16/18
   213 | D        | Reached XP level 8. HP: 64/64 MP: 17/20
   236 | D        | Found Zukunk's Book Boutique.
   261 | D        | Noticed a centaur warrior
   274 | D        | Noticed a deep troll
   290 | D        | Killed a deep troll
   290 | D        | Reached ** piety under Okawaru
   290 | D        | Reached skill level 9 in Stealth
   295 | D        | Found Hamuwob's Armour Emporium.
   300 | D        | Bought a +0 pair of boots for 45 gold pieces
   300 | D        | Bought a +4 ring mail of cold resistance for 310 gold pieces
   464 | D        | Noticed a centaur warrior
   467 | D        | Killed a centaur warrior
   467 | D        | Reached *** piety under Okawaru
   467 | D        | Reached **** piety under Okawaru
   467 | D        | Reached XP level 9. HP: 56/72 MP: 18/22
   469 | D        | Killed a centaur warrior
   469 | D        | Received a gift from Okawaru
   542 | D        | Noticed a hornet
   545 | D        | Killed a hornet
   545 | D        | Received a gift from Okawaru
   545 | D        | Reached skill level 10 in Stealth
   556 | D        | Noticed an oklob plant
   594 | D        | HP: 2/74 [acid (13)]
   621 | D        | HP: 3/74 [oklob plant/splash of acid (2)]
   621 | D        | Splashed by an oklob plant's acid

Skill      XL: |  1  2  3  4  5  6  7  8  9 |
---------------+----------------------------+-----
Fighting       | 1 3 4 6 7 8 |  8.0
Short Blades   | 3 4 6 7 8 |  8.5
Long Blades    | 1 3 4 6 7 8 |  8.0
Axes           | 1 3 4 6 7 8 |  8.0
Maces & Flails | 1 3 4 6 7 8 |  8.0
Polearms       | 1 3 4 6 7 8 |  8.0
Staves         | 1 3 4 6 7 8 |  8.0
Slings         | 1 3 4 6 7 8 |  8.0
Bows           | 1 3 4 6 7 8 |  8.0
Crossbows      | 1 3 4 6 7 8 |  8.0
Throwing       | 1 3 4 6 7 8 |  8.0
Armour         | 1 3 4 6 7 8 |  8.0
Stealth        | 6 7 8 9 10 | 10.0
Shields        | 1 3 4 6 7 8 |  8.0
Unarmed Combat | 1 3 4 6 7 8 |  8.0
Spellcasting   | 5 6 8 9 |  9.5
Conjurations   | 1 2 3 5 6 |  6.6
Charms         | 1 2 3 5 6 |  6.6
Summonings     | 1 2 3 5 6 |  6.6
Necromancy     | 1 2 3 5 6 |  6.6
Translocations | 1 2 3 5 6 |  6.6
Transmutations | 1 2 3 5 6 |  6.6
Fire Magic     | 1 2 3 5 6 |  6.6
Ice Magic      | 1 2 3 5 6 |  6.6
Air Magic      | 1 2 3 5 6 |  6.6
Earth Magic    | 1 2 3 5 6 |  6.6
Poison Magic   | 1 2 3 5 6 |  6.6
Invocations    | 1 3 4 6 8 |  8.8
Evocations     | 1 3 4 6 7 8 |  8.0
Dodging        | 5 6 7 8 9 |  9.3
Hexes          | 6 7 8 |  8.7

Action                   |  1- 3 |  4- 6 |  7- 9 || total
-------------------------+-------+-------+-------++-------
Melee: Dagger            |     9 |     4 |    74 ||    87
       Bite              |       |       |    15 ||    15
       Punch             |       |       |     4 ||     4
 Cast: Ensorcelled Hiber |       |     2 |     6 ||     8
       Confuse           |       |       |     1 ||     1
  Use: Potion            |     1 |       |       ||     1
 Stab: Sleeping          |     1 |     4 |     4 ||     9
       Confused          |       |       |     1 ||     1
  Eat: Ration            |     1 |       |       ||     1
Armor: Robe              |     1 |       |       ||     1
       Leather armour    |       |       |     1 ||     1
       Ring mail         |       |       |     1 ||     1
Dodge: Dodged            |     2 |     1 |     9 ||    12
